 Dungeon Crawl Stone Soup version 0.28-a0-863-g8cecda6153 (webtiles) character file.

Game seed: 4564792058105766393

310 ders the Digger (level 6, -2/32 HPs)
             Began as a Gargoyle Earth Elementalist on Nov 17, 2021.
             Engulfed by a steam dragon's steam (3 damage)
             ... on level 7 of the Dungeon.
             The game lasted 00:12:55 (5397 turns).

ders the Digger (Gargoyle Earth Elementalist)       Turns: 5397, Time: 00:12:56

Health: -2/32      AC:  8    Str: 11    XL:     6   Next: 41%
Magic:  10/11      EV: 11    Int: 18    God:
Gold:   153        SH:  0    Dex: 10    Spells: 6/12 levels left

rFire   . . .      SeeInvis .   g - +1 short sword (venom)
rCold   . . .      Faith    .   (no shield)
rNeg    + . .      Spirit   .   b - +0 robe
rPois   ∞          Reflect  .   h - +1 hat
rElec   +          Harm     .   (no cloak)
rCorr   .          Rampage  .   (no gloves)
Will    .....                   m - +0 pair of boots
Stlth   +.........              (no amulet)
HPRegen 0.10/turn               (no ring)
MPRegen 0.12/turn               (no ring)

@: silenced
A: sickness immunity, AC +4, negative energy resistance 1, electricity
resistance, torment resistance 1, petrification resistance
a: no special abilities


You were on level 7 of the Dungeon.
You visited 1 branch of the dungeon, and saw 5 of its levels.

You collected 153 gold pieces.

Inventory:

Hand Weapons
 c - a +0 dagger
 g - a +1 short sword of venom (weapon)
Missiles
 o - 25 stones
Armour
 b - a +0 robe (worn)
 h - a +1 hat (worn)
 m - a +0 pair of boots (worn)
 p - a +0 buckler
Jewellery
 d - a +6 ring of strength
 e - a ring of resist corrosion
 k - an amulet of guardian spirit
 n - a ring of protection from cold
 s - an amulet of faith
Scrolls
 i - 2 scrolls of enchant armour {unknown}
 j - 2 scrolls of identify {unknown}
 q - a scroll of magic mapping {unknown}
Potions
 l - 2 potions of heal wounds {unknown}
 r - a potion of degeneration {unknown}


   Skills:
 - Level 1.5 Dodging
 - Level 2.1 Stealth
 + Level 3.7 Spellcasting
 + Level 3.7 Conjurations
 - Level 0.7 Transmutations
 + Level 5.6 Earth Magic


You had 6 spell levels left.
You knew the following spells:

 Your Spells              Type           Power      Damage    Failure   Level
a - Sandblast             Erth           46%        2d11      1%          1
b - Stone Arrow           Conj/Erth      40%        3d9       7%          3
c - Blink                 Tloc           6%         N/A       22%         2

Your spell library contained the following spells:

 Spells                   Type           Power      Damage    Failure   Level
 Passwall                 Tmut/Erth      11%        N/A       6%          2
 Mephitic Cloud           Conj/Pois/Air  7%         N/A       26%         3
 Ignite Poison            Fire/Tmut/Pois 4%         N/A       38%         3
 Petrify                  Tmut/Erth      14%        N/A       38%         4
 Lesser Beckoning         Tloc           3%         N/A       41%         3
 Freezing Cloud           Conj/Ice/Air   3%         6-21      94%         5
 Manifold Assault         Tloc           3%         N/A       99%         5


Dungeon Overview and Level Annotations

Branches:
Dungeon (7/15)
 Temple: D:4-7

Altars:
Uskayaw


Innate Abilities, Weirdness & Mutations

You are immune to sickness and miasma.
Your stone body is resilient. (AC +4)
You are immune to poison.
You resist negative energy. (rN+)
You are resistant to electric shocks. (rElec)
You are resistant to unholy torment.
You are immune to petrification.


Message History

Pain shoots through your body! The bullfrog barely misses you.
The bullfrog barely misses you.
The bullfrog hits you but does no damage.
The orc barely misses you. The black bear bites you.
The black bear closely misses you. x2
The hound bites you.
* * * LOW HITPOINT WARNING * * *
The hound closely misses you.
The orc priest begins to cast a cantrip, but forgets the words!
Found 14 gold pieces.
The hound stops to sniff the ground.
The sky beast flickers out of sight!
Deactivating autopickup; reactivate with Ctrl-A.
The hound bites you but does no damage. The hound bites you but does no damage.
The bullfrog completely misses you. The hound completely misses you.
You see here 14 gold pieces.
A steam dragon comes into view.
The hound misses you.
Casting: Sandblast (safe; 1% risk of failure)
Confirm with . or Enter, or press ? or * to list all spells.
Aiming: Sandblast (safe; 1% risk of failure)
Press: ? - help, Shift-Dir - straight line, f - hound
Aim: a hound (73% to hit)
The blast of sand hits the hound.
The hound is heavily wounded.
The hound bites you but does no damage. The hound barely misses you.
As you read the scroll labelled MEDDU YFFUZ, it crumbles to dust.
You hear a loud clanging noise!
It was a scroll of noise.
You hear a shout!
The steam dragon hisses angrily.
The hound bites you but does no damage. The steam dragon breathes steam at you.
The ball of steam hits you!
* * * LOW HITPOINT WARNING * * *
As you read the scroll labelled FYMAUDGHUIH, it crumbles to dust.
A profound silence engulfs you.
It was a scroll of silence.
You are engulfed in a cloud of scalding steam.
You die...

##.##....h.##
.......#...#
.#.....######.
#.#oo#o......
#.....g####.
.....####F#
#.#.# #$#
#...#####h#
...D..§§@§#
#.#########


You could see an orc warrior, a bullfrog, a gnoll shaman and a hound.

Vanquished Creatures
  A centaur skeleton (D:7)
  2 orc priests
  An orc wizard (D:2)
  A hound skeleton (D:4)
  A gnoll (D:4)
  8 adders
  An ufetubus (D:4)
  An adder skeleton (D:4)
  3 worms
  2 dart slugs
  10 orcs
  10 bats
  An endoplasm (D:3)
  11 goblins
  9 hobgoblins
  5 quokkas
  4 ball pythons
  8 frilled lizards
  2 kobolds
  3 rats
84 creatures vanquished.

Notes
Turn   | Place    | Note
-------+----------+-------------------------------------------
     0 | D:1      | ders the Gargoyle Earth Elementalist began the quest for
                  | the Orb.
     0 | D:1      | Reached XP level 1. HP: 10/10 MP: 3/3
   329 | D:1      | Reached XP level 2. HP: 15/15 MP: 1/5
   455 | D:1      | Reached skill level 1 in Conjurations
   792 | D:1      | Reached skill level 4 in Earth Magic
  1254 | D:2      | Reached XP level 3. HP: 19/19 MP: 1/6
  1258 | D:2      | Learned a level 3 spell: Stone Arrow
  1986 | D:2      | Reached XP level 4. HP: 24/24 MP: 6/8
  3338 | D:2      | Reached XP level 5. HP: 8/28 MP: 9/9
  3647 | D:3      | Reached skill level 5 in Earth Magic
  4209 | D:3      | Found a hide-covered altar of Uskayaw.
  4331 | D:4      | Reached XP level 6. HP: 12/32 MP: 8/11
  4665 | D:4      | Learned a level 2 spell: Blink
  5258 | D:4      | You fall into a shaft and drop 3 floors!
  5293 | D:7      | Noticed a black bear
  5374 | D:7      | Noticed an orc warrior
  5378 | D:7      | Noticed a sky beast
  5393 | D:7      | Noticed a steam dragon
  5396 | D:7      | HP: 1/32 [something/ball of steam (9)]
  5397 | D:7      | Engulfed by a steam dragon's steam

Illustrated notes

Levels and vault maps discovered:
D:1:      mainiacjoe_arrival_reflecting_pool, layout_basic,
          chequers_serial_rivers_large_b, corexii_leaking_fountain,
          hangedman_glass_teeth
D:2:      layout_basic, dk_noncrumbling_4
D:3:      layout_rooms, old_standard_altar, cheibrodos_sewer_entry_sluice,
          nrook_loot_triangle
D:4:      layout_cave_pods, hangedman_abyss_or_decor_slice
D:7:      nicolae_BIG_FREAKIN_CUBE, layout_basic, minmay_fractal_squares_5

Skill      XL: |  1  2  3  4  5 |
---------------+----------------+-----
Conjurations   | 1 2 3 |  3.7
Earth Magic    | 4 5 |  5.6
Spellcasting   | 3 |  3.7
Dodging        | |  1.5
Stealth        | |  2.1
Transmutations | |  0.7

Action                   |  1- 3 |  4- 6 || total
-------------------------+-------+-------++-------
Melee: Unarmed           |    16 |       ||    16
       Dagger            |    18 |     3 ||    21
       Short sword       |       |   110 ||   110
 Cast: Sandblast         |    42 |    47 ||    89
       Stone Arrow       |       |     3 ||     3
  Use: Potion            |       |     1 ||     1
       Scroll            |       |     2 ||     2
 Stab: Sleeping          |       |     3 ||     3
Armor: Robe              |    20 |    92 ||   112
Dodge: Dodged            |    25 |   153 ||   178

Table legend: (Time is in decaauts)
 A = Elapsed time spent in this place.
 B = Non-inter-level travel time spent in this place.
 C = Inter-level travel time spent in this place.
 D = Time resting spent in this place.
 E = Time spent auto-exploring this place.
 F = Levels seen in this place.
 G = Mean time per level.
                   A        B        C        D        E       F      G
               +--------+--------+--------+--------+--------+-----+--------+
         Total |   5440 |   5092 |    348 |   1733 |   2576 |   5 | 1088.0 |
       Dungeon |   5440 |   5092 |    348 |   1733 |   2576 |   5 | 1088.0 |
               +--------+--------+--------+--------+--------+-----+--------+

Top non-repeatable levels by time:
     D:2: 2380 daAuts
     D:1: 1201 daAuts
     D:3: 919 daAuts
     D:4: 800 daAuts
     D:7: 138 daAuts
